 Dungeon Crawl Stone Soup version 0.19.0-2-gae57169 (webtiles) character file.

823291 HungrySpirit the Axe Maniac (level 27, -32/264 (273) HPs)
             Began as a Minotaur Berserker on Nov 4, 2016.
             Was the Champion of the Shining One.
             Killed from afar by an iron giant (67 damage)
             ... with an iron shot
             ... created by the effects of Hell
             ... on level 7 of the Iron City of Dis.
             The game lasted 02:58:33 (75354 turns).

HungrySpirit the Axe Maniac (Minotaur Berserker)   Turns: 75354, Time: 02:58:34

HP:   -32/264 (273) AC: 39    Str: 34    XL:     27
MP:   35/39         EV: 10    Int:  5    God:    the Shining One [******]
Gold: 2980          SH:  4    Dex: 16    Spells: 0 memorised, 26 levels left

rFire  + + .     SeeInvis +     w - +9 executioner's axe (holy)
rCold  + + .     Gourm    .     z - +8 gold dragon scales
rNeg   + + +     Faith    .     (shield currently unavailable)
rPois  +         Spirit   .     (helmet restricted)
rElec  +         Reflect  +     Y - +0 cloak {rC+}
rCorr  .         Harm     .     s - +2 pair of gloves "Veczacol" {MR+ Stlth+}
MR     +++..                    M - +0 pair of boots {run} (curse)
Stlth  ..........               h - amulet "Ogylucs" {Reflect *Contam +Fly rElec rPois SH+4}
                                G - ring "Weni Vasch" {rElec rF+ Dex+4}
                                b - ring of see invisible

@: about to teleport, corroded, very slightly contaminated, glowing, quick
A: retaliatory headbutt, hooves 1, horns 2, agile 1, MP-powered wands
a: Divine Shield, Cleansing Flame, Summon Divine Warrior, Renounce Religion,
Evoke Flight
}: 6/15 runes: barnacled, slimy, silver, bone, abyssal, gossamer


You were on level 7 of the Iron City of Dis.
You worshipped the Shining One.
The Shining One was exalted by your worship.
You were not hungry.

You visited 13 branches of the dungeon, and saw 67 of its levels.
You visited the Abyss 5 times.
You visited 1 bazaar.
You also visited: Labyrinth, Ice Cave, Wizlab and Desolation.

You collected 8358 gold pieces.
You spent 5378 gold pieces at shops.

Inventory:

Hand Weapons
 w - a +9 executioner's axe of holy wrath (weapon)
Armour
 s - the +2 pair of gloves "Veczacol" (worn) {MR+ Stlth+}
   (You acquired it on level 3 of the Crypt)

   It affects your resistance to hostile enchantments.
   It makes you more stealthy.
 z - +8 gold dragon scales (worn)
 M - a cursed +0 pair of boots of running (worn)
 Y - a +0 cloak of cold resistance (worn)
Jewellery
 a - the amulet "Urieckin" {*Corrode rN+ Regen+ Str+4 Int+2}
   (You found it in the Desolation of Salt)

   [amulet of regeneration]

   It affects your strength (+4).
   It affects your intelligence (+2).
   It protects you from negative energy.
   It increases your rate of regeneration.
   It may corrode you when you take damage.
 b - a ring of see invisible (left hand)
 d - an uncursed ring of protection from cold
 h - the amulet "Ogylucs" (around neck) {Reflect *Contam +Fly rElec rPois SH+4}
   (You found it on level 5 of the Pits of Slime)

   [amulet of reflection]

   It shields you and reflects attacks.
   It insulates you from electricity.
   It protects you from poison.
   It lets you fly.
   It causes magical contamination when unequipped.
   It affects your SH (+4).
 n - an uncursed ring of resist corrosion
 G - the ring "Weni Vasch" (right hand) {rElec rF+ Dex+4}
   (You found it in the Desolation of Salt)

   [ring of dexterity]

   It affects your dexterity (+4).
   It protects you from fire.
   It insulates you from electricity.
 Q - the ring "Ikhlisoo" {*Corrode rF+ Str+4 Stlth+}
   (You found it on level 4 of the Shoals)

   [ring of protection from fire]

   It affects your strength (+4).
   It protects you from fire.
   It may corrode you when you take damage.
   It makes you more stealthy.
 T - an uncursed ring of protection from fire
Wands
 f - a wand of disintegration (9/24)
 B - a wand of digging (16/24)
 I - a wand of teleportation (9/9)
 N - a wand of heal wounds (2/9)
 V - a wand of hasting (5/9)
Scrolls
 g - 13 scrolls of recharging
 i - a scroll of enchant armour
 k - 5 scrolls of silence
 o - 8 scrolls of magic mapping
 p - a scroll of blinking
 q - 28 scrolls of remove curse
 r - 5 scrolls of amnesia
 u - 14 scrolls of fear
 v - 6 scrolls of identify
 y - 10 scrolls of teleportation
 E - 7 scrolls of fog
 J - 5 scrolls of vulnerability
 X - 3 scrolls of summoning
 Z - a scroll of holy word
Potions
 e - 2 potions of invisibility
 j - 2 potions of ambrosia
 l - 4 potions of might
 m - a potion of berserk rage
 t - 26 potions of curing
 x - 12 potions of heal wounds
 A - 2 potions of cancellation
 D - 10 potions of resistance
 F - 12 potions of agility
 L - 11 potions of flight
 P - 6 potions of cure mutation
 U - 7 potions of haste
Books
 C - a book of Battle

   Spells                             Type                      Level
   a - Infusion                       Charms                       1
   b - Shroud of Golubria             Charms/Translocation         2
   c - Song of Slaying                Charms                       2
   d - Spectral Weapon                Hexes/Charms                 3
   e - Regeneration                   Charms/Necromancy            3
 S - the Handbook of Boosting Companions
   (You found it on level 3 of the Crypt)

   Spells                             Type                      Level
   a - Shroud of Golubria             Charms/Translocation         2
   b - Summon Lightning Spire         Summoning/Air                4
   c - Ring of Flames                 Charms/Fire                  7
   d - Summon Hydra                   Summoning                    7
Miscellaneous
 O - a fan of gales
 R - 6 boxes of beasts
Comestibles
 c - 33 bread rations


   Skills:
 O Level 27 Fighting
 O Level 27 Axes
 O Level 27 Armour
 - Level 2.1 Dodging
   Level 10.0 Shields
 * Level 26.1 Invocations
 + Level 20.2 Evocations


You had 26 spell levels left.
You didn't know any spells.

Dungeon Overview and Level Annotations

Branches:
Dungeon (15/15)            Temple (0/1) D:7            Lair (6/6) D:8
 Shoals (4/4) Lair:2       Spider (4/4) Lair:2        Slime (5/5) Lair:6
    Orc (2/2) D:11            Elf (3/3) Orc:2        Vaults (5/5) D:14
  Crypt (3/3) Vaults:3       Tomb (0/3) Crypt:3      Depths (5/5) D:15
   Hell (1/1)                 Dis (7/7) Hell            Tar (7/7) Hell
    Zot (0/5) Depths:5
    Geh: Hell:1         Coc: Hell:1

Altars:
Cheibriados
Dithmenos
Kikubaaqudgha
Makhleb
Nemelex Xobeh
Okawaru
Qazlal
Ru
Uskayaw
Vehumet
Yredelemnul
The Shining One
Beogh
Jiyva

Shops:
D:6 :   D:7 *!:*}   Orc:1 (   Orc:2 [(*:   Elf:3 =(!(:   Vaults:5 ?!?
Depths:1 }=}*   Depths:3 %

Portals:
Hell: Depths:1 Depths:2 Depths:3 Depths:4 Depths:5
Abyss: Depths:2 Depths:4
Pandemonium: Depths:3
Ziggurat: Depths:4
Trove: Depths:1 (give 2 scrolls of acquirement)

Annotations:
D:7 2 exclusions
Hell exclusion: 2 ice statues


Innate Abilities, Weirdness & Mutations

You reflexively headbutt those who attack you in melee.
You have a pair of horns on your head.
You have large cloven feet.
You are agile. (Dex +2)
You expend magic power (3 MP) to strengthen your wands.


Message History

You feel better.
You feel your power returning.
You feel somewhat more hungry.
You hear a screech!
You hear a bark!
You hear a loud "Zot"!
The iron giant throws the rust devil at you!
The iron giant casts a spell at you. The iron shot hits you!
* * * LOW HITPOINT WARNING * * *
Unknown command.
Unknown command.
Unknown command.
As you read the scroll of teleportation, it crumbles to dust.
You feel strangely unstable.
The ancient champion gestures wildly while chanting.
You block the rust devil's attack.
The iron giant throws the iron giant at you!
The ancient champion gestures wildly while chanting.
The iron giant hits you with a great mace!!
* * * LOW HITPOINT WARNING * * *
The iron giant gestures at you while chanting.
The iron shot hits you!
You die...

...†.....## ####).....#
#......# #......#
##....##
######)'#################
.............)..........#
.........)..).)C)4......#
#..##..##...)...@.......#
## #######....)........#
###...zz.z....#
###....C^...# ####......#
##)Cz...# #z))....#
##h.....# #......#


You could see 3 iron giants, 2 ancient champions, 2 skeletal warriors, a rust
devil and a hell hound.

Vanquished Creatures
  the Royal Jelly (Slime:5)
  3 ancient liches
  Mennas (Depths:4)
  A juggernaut (Depths:1)
  Sojobo (Depths:2)
  Saint Roka (Vaults:1)
  Margery (Vaults:4)
  Xtahua (Vaults:4)
  A curse toe (Crypt:3)
  3 golden dragons
  Geryon (Hell)
  Nikola (Vaults:1)
  3 bone dragons
  14 Tzitzimimeh
  Jorgrun (Shoals:2)
  6 doom hounds
  An iron giant (Dis:3)
  A Cloud Mage (WizLab)
  3 Hell Sentinels
  3 tentacled monstrosities
  3 deep elf blademasters
  4 titans
  15 liches
  Asterion (Vaults:3)
  2 deep elf master archers (Elf:3)
  9 sphinxes
  12 ancient champions
  20 acid blobs
  2 Executioners (Dis:1)
  2 quicksilver dragons
  Polyphemus (Shoals:3)
  An eldritch tentacle (Tar:1)
  6 tentacled starspawn
  2 krakens (Shoals:4)
  Frances (Spider:1)
  Agnes (D:15)
  2 revenants
  4 storm dragons
  12 tengu reavers
  A nagaraja (Abyss:4)
  25 shadow dragons
  11 azure jellies
  A draconian scorcher (Depths:5)
  Ilsuiw (Shoals:3)
  15 fire giants
  3 ghost moths
  12 frost giants
  13 iron dragons
  Aizul (Shoals:3)
  7 deep elf sorcerers
  An orc warlord (Orc:1)
  A draconian zealot (Depths:5)
  5 emperor scorpions
  13 vault wardens
  4 imperial myrmidons (Desolation)
  A balrug (Hell)
  Louise (Shoals:2)
  12 war gargoyles
  A juggernaut skeleton (Depths:2)
  3 curse skulls
  13 ghouls
  5 deep elf elementalists
  17 ironheart preservers
  A draconian caller (Depths:5)
  2 spriggan defenders (Depths:3)
  21 very ugly things
  35 stone giants
  6 entropy weavers
  53 reapers
  10 deep elf demonologists
  4 caustic shrike skeletons (Crypt:3)
  12 vampire knights
  2 lorocyprocas
  12 deep elf annihilators
  2 halazid warlocks (Desolation)
  2 red draconians (Depths:5)
  3 yellow draconians
  13 spark wasps
  A crystal guardian (Desolation)
  A white draconian (Depths:5)
  A purple draconian (Depths:5)
  A green death (Dis:1)
  Snorg (Orc:1)
  4 eidola
  16 ettins
  5 death oozes
  An ettin (shapeshifter) (Vaults:4)
  12 fire dragons
  2 blizzard demons (Hell)
  14 deep elf death magi
  22 yaktaur captains
  3 merfolk javelineers
  18 ogre magi
  12 merfolk impalers
  11 jiangshi
  3 quicksilver dragon zombies
  3 deep elf high priests
  12 large abominations
  14 great orbs of eyes
  A minotaur (Lab)
  4 juggernaut simulacra
  A quicksilver dragon skeleton (Dis:1)
  4 ragged hierophants (Desolation)
  A naga warrior (Abyss:4)
  11 rakshasas
  Harold (D:10)
  6 spriggan air magi
  9 hydras
  15 ice dragons
  4 servants of whispers (Desolation)
  A catoblepas (Shoals:3)
  8 peacekeepers (Desolation)
  38 vault guards
  A ghost crab (Tar:1)
  13 centaur warriors
  3 death knights
  6 merfolk aquamancers
  3 merfolk avatars (Shoals:4)
  27 dancing weapons
  3 death yaks (Shoals:3)
  7 deep troll shamans
  2 orc high priests
  3 satyrs
  An alligator snapping turtle (Shoals:2)
  An alligator (shapeshifter) (Depths:4)
  5 titan zombies
  6 deep troll earth magi
  4 tengu warriors
  8 death scarabs (Spider:4)
  11 vampire magi
  11 hell hogs
  5 wretched stars
  A shock serpent (shapeshifter) (Depths:3)
  3 storm dragon zombies
  10 thrashing horrors
  19 soul eaters
  4 spriggan berserkers
  5 sun demons (Hell)
  11 iron trolls
  Sonja (D:10)
  5 iron golems
  3 titan skeletons (Crypt:3)
  23 deep elf knights
  A fire crab (shapeshifter) (Vaults:3)
  21 hell knights
  A spatial maelstrom (Abyss:2)
  A sixfirhy (Abyss:2)
  5 unseen horrors
  16 shadow wraiths
  A salamander mystic (Depths:3)
  10 flayed ghosts
  20 shadow demons
  149 skeletal warriors
  2 ghost moth zombies
  A death drake (Tar:2)
  8 sea snakes
  8 wizards
  4 glowing orange brains
  9 anaconda zombies
  A glowing orange brain (shapeshifter) (Depths:3)
  3 storm dragon skeletons
  34 deep trolls
  17 hill giants
  A kraken simulacrum (Shoals:4)
  A golden dragon zombie (Tar:7)
  9 necromancers
  Pikel (D:5)
  A swamp dragon (Abyss:4)
  23 deep elf archers
  17 orc knights
  6 spectral wolf spiders (Spider:4)
  5 shadow dragon zombies
  34 wolf spiders
  20 phantasmal warriors
  A tengu zombie (Depths:2)
  An anaconda skeleton (Hell)
  A lindwurm (shapeshifter) (Depths:3)
  A harpy (shapeshifter) (Abyss:1)
  14 harpies
  2 lindwurms (Lair:6)
  9 fire giant zombies
  72 deep elf magi
  A mana viper (shapeshifter) (Vaults:4)
  3 golden dragon skeletons
  13 ironbrand convokers
  2 wolf spiders (shapeshifter)
  3 iron dragon zombies
  2 shadow dragon skeletons
  18 orb spiders
  14 cyclopes
  A manticore (shapeshifter) (Vaults:1)
  4 wolf spider zombies
  12 orc sorcerers
  12 manticores
  2 worldbinders
  58 ugly things
  5 fauns (Shoals:3)
  A frost giant zombie (Depths:2)
  5 stone giant zombies
  A sphinx zombie (Depths:2)
  4 elephants (Lair:6)
  4 moths of wrath
  3 salamanders
  An iron dragon skeleton (Tar:7)
  8 sirens
  2 apocalypse crabs (Abyss:4)
  15 vault sentinels
  3 centaur zombies
  A water nymph (shapeshifter) (Vaults:5)
  5 fire giant skeletons
  2 naga magi (Depths:4)
  2 ice statues (IceCv)
  A molten gargoyle (Hell)
  2 titan simulacra
  4 eyes of devastation
  8 guardian serpents
  5 black mambas (Lair:6)
  13 rust devils
  3 smoke demons
  An orange demon (Abyss:4)
  A stone giant skeleton (Crypt:1)
  3 centaur skeletons
  A gargoyle (D:14)
  A shock serpent skeleton (Crypt:3)
  9 water nymphs
  5 frost giant skeletons
  8 hellions
  A dire elephant zombie (Crypt:3)
  6 torpor snails (Lair:6)
  A yellow draconian zombie (Crypt:3)
  16 spiny frogs
  A green draconian zombie (Crypt:3)
  3 dire elephant skeletons
  A spiny frog (shapeshifter) (Depths:1)
  An emperor scorpion zombie (Crypt:1)
  61 yaktaurs
  A kobold demonologist (D:13)
  4 spectral redbacks (Spider:4)
  18 tormentors
  15 demonic crawlers
  2 rime drakes
  An efreet (Dis:1)
  10 komodo dragons
  6 ancient zymes (Abyss:4)
  A golden dragon simulacrum (Depths:2)
  14 ice devils
  15 freezing wraiths
  3 redback zombies
  2 trolls (shapeshifter)
  2 harpy zombies
  2 hydra zombies
  5 guardian mummies
  3 tengu conjurers
  A grey draconian skeleton (Crypt:3)
  14 polar bears
  6 hellwings (Abyss:2)
  4 silent spectres
  35 jumping spiders
  12 wind drakes
  2 red devils
  A merfolk (shapeshifter) (Vaults:5)
  4 hydra skeletons
  A catoblepas skeleton (Crypt:3)
  A meliai (D:14)
  2 spectral jumping spiders (Spider:4)
  17 trolls
  21 merfolk
  22 hornets
  A tengu simulacrum (Depths:2)
  A wolf spider simulacrum (Abyss:4)
  4 tyrant leeches
  A jumping spider (shapeshifter) (Elf:3)
  A wind drake (shapeshifter) (Abyss:1)
  A minotaur skeleton (Crypt:3)
  69 slime creatures
  3 harpy skeletons
  10 raiju
  2 spectral tarantellas (Spider:4)
  A blink frog (shapeshifter) (Elf:2)
  25 two-headed ogres
  50 saltlings (Desolation)
  A moth of wrath zombie (Crypt:2)
  4 ettin zombies
  2 dream sheep (Shoals:3)
  23 blink frogs
  5 ice dragon zombies
  A stone giant simulacrum (Vaults:2)
  A fire dragon zombie (Dis:1)
  11 hippogriffs
  An alligator skeleton (Hell)
  2 alligator zombies
  4 bog bodies
  13 snapping turtles
  32 flying skulls
  32 air elementals
  2 jumping spider zombies (Spider:4)
  4 spriggan zombies (Depths:2)
  Sigmund (D:6)
  2 ettin skeletons
  78 redbacks
  3 fire dragon skeletons
  25 shadows
  34 starcursed masses
  7 spriggans
  12 water elementals
  A black mamba zombie (Tar:1)
  70 yaks
  49 tarantellas
  10 wyverns
  7 ynoxinuls
  2 ice dragon skeletons
  6 spriggan skeletons
  Eustachio (D:5)
  6 fire elementals
  2 basilisks
  19 wraiths
  3 tarantellas (shapeshifter)
  A fire bat (shapeshifter) (Depths:4)
  4 fire bats (Abyss:5)
  A golden eye (shapeshifter) (Vaults:1)
  7 golden eyes
  6 neqoxecs
  6 chaos spawn
  A human simulacrum (Vaults:2)
  9 small abominations
  A yaktaur simulacrum (Vaults:2)
  A hungry ghost (Abyss:4)
  A steam dragon (shapeshifter) (Vaults:5)
  Menkaure (D:4)
  A naga (shapeshifter) (Depths:1)
  4 vampire mosquitoes
  A human zombie (Depths:2)
  2 spatial vortices
  2 mottled dragons
  Edmund (D:4)
  15 wargs
  3 nagas (Abyss:4)
  A swamp worm (shapeshifter) (Depths:4)
  11 water moccasins
  Duvessa (D:7)
  A soldier ant (shapeshifter) (Depths:4)
  9 insubstantial wisps (WizLab)
  3 spiny frog zombies
  A porcupine (shapeshifter) (Depths:5)
  A water moccasin (shapeshifter) (Depths:5)
  A monstrous demonspawn zombie (Crypt:3)
  46 hell hounds
  A hydra simulacrum (Hell)
  2 floating eyes
  7 porcupines
  4 ice beasts
  A spriggan simulacrum (Depths:2)
  8 sky beasts
  A hornet zombie (Spider:4)
  33 orc warriors
  3 spiny frog skeletons
  2 eyes of draining
  5 black bears
  A slave (D:5)
  5 snapping turtle zombies
  3 manticore zombies
  6 phantoms
  11 boggarts
  15 necrophages
  A lindwurm zombie (Crypt:1)
  63 ogres
  A centaur (shapeshifter) (Vaults:4)
  11 wolves
  A manticore skeleton (Tar:2)
  A rime drake zombie (Crypt:2)
  18 centaurs
  15 crocodiles
  2 big kobolds
  4 earth elementals
  A hippogriff zombie (Crypt:2)
  15 bullfrogs
  2 gnoll sergeants
  A hell hound zombie (Crypt:1)
  3 glowing shapeshifter simulacra
  A wyvern zombie (D:9)
  A cyclops zombie (Crypt:2)
  A wyvern skeleton (D:14)
  A water moccasin skeleton (Crypt:2)
  3 scorpions
  Dowan (D:7)
  71 wights
  3 howler monkeys
  5 crimson imps
  3 quasits
  4 bullfrog skeletons
  5 hounds (D:9)
  3 jellies
  17 orc priests
  23 iron imps
  A demonspawn skeleton (Crypt:2)
  5 iguanas
  Ijyb (D:2)
  22 orc wizards
  7 hell rats (Hell)
  16 worker ants
  A porcupine skeleton (Crypt:1)
  A felid zombie (Crypt:2)
  A hound zombie (Crypt:2)
  2 hound skeletons (D:5)
  4 mummies
  14 gnolls
  17 adders
  A steam dragon skeleton (Crypt:2)
  17 shadow imps
  21 white imps
  6 ufetubi
  An iguana zombie (Crypt:3)
  6 worms
  3 dart slugs
  6 leopard geckos
  108 orcs
  3 ball pythons
  10 bats
  6 giant cockroaches
  8 hobgoblins
  11 jackals
  32 kobolds
  5 quokkas
  5 frilled lizards
  8 goblins
  A goblin skeleton (Crypt:1)
  A jackal skeleton (D:5)
  A kobold skeleton (Crypt:3)
  A leopard gecko skeleton (D:9)
  A leopard gecko zombie (D:7)
  An orc zombie (Dis:3)
  4 rats
  6 bushes
  2 crawling corpses (Depths:2)
  4 fungi
  3 lurking horrors (Abyss:4)
  25 plants
  7 starspawn tentacles
  7 tentacles (Shoals:4)
3690 creatures vanquished.

Vanquished Creatures (collateral kills)
  Ereshkigal (Tar:7)
  An azure jelly (Slime:5)
  2 vault wardens
  A reaper (IceCv)
  2 ironheart preservers (Vaults:4)
  A merfolk impaler (Shoals:3)
  A deep elf death mage (Vaults:5)
  An ogre mage (Vaults:4)
  5 hell knights (Vaults:4)
  A worldbinder (Abyss:1)
  An eye of devastation (Slime:5)
  2 sirens (Shoals:3)
  A smoke demon (Abyss:1)
  A komodo dragon (Lair:6)
  A yaktaur (shapeshifter) (Vaults:1)
  An ice devil (IceCv)
  A hornet (Lair:6)
  A two-headed ogre (Vaults:4)
  2 hippogriffs (Lair:6)
  A wyvern (Lair:6)
  5 yaks (D:10)
  2 hungry ghosts (D:10)
  An eye of draining (Slime:5)
  An ogre (Tar:7)
  A centaur (Shoals:3)
  A white imp (IceCv)
39 creatures vanquished.

Vanquished Creatures (others)
  A deep elf master archer (Depths:4)
  3 eldritch tentacles (Tar:7)
  A ghost moth (Depths:4)
  A fire dragon (Depths:1)
  A deep elf death mage (Depths:2)
  A yaktaur captain (Vaults:5)
  A satyr (Shoals:3)
  A hell hog (Hell)
  A skeletal warrior (Dis:1)
  An ugly thing (Depths:5)
  4 yaktaurs
  A wind drake (WizLab)
  A neqoxec (Abyss:4)
  An insubstantial wisp (WizLab)
  A hell hound (Dis:1)
  4 boggarts
  A centaur (Vaults:2)
  An orc priest (Elf:1)
  2 white imps (IceCv)
  4 ufetubi (IceCv)
  2 orcs
  A giant cockroach (D:5)
  58 bushes (Depths:5)
  13 fungi
  43 plants
  7 starspawn tentacles
  15 tentacles (Shoals:4)
171 creatures vanquished.

Grand Total: 3900 creatures vanquished

Notes
Turn   | Place    | Note
-------+----------+-------------------------------------------
     0 | D:1      | HungrySpirit the Minotaur Berserker began the quest for the Orb.
     0 | D:1      | Reached XP level 1. HP: 19/19 MP: 0/0
    37 | D:1      | Reached XP level 2. HP: 12/27 MP: 1/1
   376 | D:1      | Reached XP level 3. HP: 28/33 MP: 2/2
   485 | D:1      | Reached ** piety under Trog
   777 | D:2      | Reached skill level 5 in Axes
   932 | D:2      | Found a snail-covered altar of Cheibriados.
   956 | D:2      | Found a stormy altar of Qazlal.
   973 | D:2      | Reached XP level 4. HP: 37/41 MP: 3/3
  1009 | D:2      | Noticed Ijyb
  1017 | D:2      | Killed Ijyb
  1536 | D:2      | Reached XP level 5. HP: 46/47 MP: 4/4
  1674 | D:3      | Reached skill level 5 in Fighting
  1784 | D:3      | Reached *** piety under Trog
  2396 | D:3      | Received a gift from Trog
  2396 | D:3      | Reached XP level 6. HP: 34/56 MP: 5/5
  3062 | D:4      | Noticed Menkaure
  3067 | D:4      | Killed Menkaure
  3398 | D:4      | Noticed Edmund
  3404 | D:4      | Killed Edmund
  3404 | D:4      | Reached XP level 7. HP: 62/62 MP: 6/6
  3637 | D:5      | Entered Level 5 of the Dungeon
  3720 | D:5      | Noticed Eustachio
  3728 | D:5      | Killed Eustachio
  3871 | D:5      | Reached skill level 5 in Armour
  3874 | D:5      | Reached **** piety under Trog
  4191 | D:5      | Noticed Pikel
  4200 | D:5      | Killed Pikel
  4200 | D:5      | Reached skill level 10 in Axes
  4200 | D:5      | Reached XP level 8. HP: 73/73 MP: 7/7
  4343 | D:5      | Found an iron altar of Okawaru.
  4345 | D:5      | Found a radiant altar of Vehumet.
  4348 | D:5      | Found a burning altar of Makhleb.
  4349 | D:5      | Found a sacrificial altar of Ru.
  4349 | D:5      | Found a glowing golden altar of the Shining One.
  4349 | D:5      | Found a hide-covered altar of Uskayaw.
  4349 | D:5      | Found a sparkling altar of Nemelex Xobeh.
  4350 | D:5      | Found a shadowy altar of Dithmenos.
  4353 | D:5      | Found a basalt altar of Yredelemnul.
  4354 | D:5      | Found an ancient bone altar of Kikubaaqudgha.
  4791 | D:6      | Noticed Sigmund
  4805 | D:6      | Killed Sigmund
  4805 | D:6      | Reached XP level 9. HP: 81/81 MP: 8/8
  5064 | D:6      | Received a gift from Trog
  5192 | D:6      | Found Uczex's Book Shop.
  5814 | D:7      | Found Lopuwaan's Gadget Emporium.
  5938 | D:7      | Found a staircase to the Ecumenical Temple.
  6014 | D:7      | Noticed Duvessa
  6015 | D:7      | Noticed Dowan
  6023 | D:7      | Killed Dowan
  6026 | D:7      | Killed Duvessa
  6145 | D:7      | Found Xixtapti's Assorted Antiques.
  6155 | D:7      | Bought a scroll labeled GUR NYCWAUK for 21 gold pieces
  6155 | D:7      | Bought a scroll labeled IDEEL INAMAV for 21 gold pieces
  6155 | D:7      | Bought a glass wand for 84 gold pieces
  6155 | D:7      | Bought 2 scrolls labeled RAITEG ISTROWE for 42 gold pieces
  6155 | D:7      | Bought a scroll labeled HOTAGR CESEUMPU for 21 gold pieces
  6159 | D:7      | Bought a scroll of identify for 42 gold pieces
  6249 | D:7      | Found Aphoshrakku's Book Boutique.
  6268 | D:7      | Found Yzedut's Distillery.
  6271 | D:7      | Bought a potion of lignification for 33 gold pieces
  6271 | D:7      | Bought a potion of degeneration for 11 gold pieces
  6601 | D:7      | Found Qeitsa's Assorted Antiques.
  6760 | D:8      | Reached XP level 10. HP: 85/91 MP: 9/9
  6821 | D:8      | Found a staircase to the Lair.
  7231 | D:8      | Reached ***** piety under Trog
  7777 | D:9      | Received a gift from Trog
  7800 | D:9      | Noticed a hill giant
  7808 | D:9      | Killed a hill giant
  7886 | D:9      | Reached skill level 10 in Fighting
  8493 | D:9      | Noticed a hill giant
  8498 | D:9      | Killed a hill giant
  8607 | D:10     | Entered Level 10 of the Dungeon
  8645 | D:10     | Noticed Sonja
  8656 | D:10     | Cast into level 1 of the Abyss (Sonja)
  8716 | Abyss:1  | Noticed a harpy
  8720 | Abyss:1  | Killed a harpy
  8736 | Abyss:1  | Noticed a worldbinder
  8749 | Abyss:1  | Noticed a smoke demon
  8750 | Abyss:1  | Killed a worldbinder
  8754 | Abyss:1  | Killed a smoke demon
  8760 | Abyss:1  | Reached XP level 11. HP: 60/101 MP: 10/10
  8810 | Abyss:2  | Found a corrupted altar of Lugonu.
  8846 | D:10     | Escaped the Abyss
  8888 | D:10     | Killed Sonja
  8888 | D:10     | Reached skill level 10 in Armour
  9097 | D:10     | Noticed a hill giant
  9105 | D:10     | Killed a hill giant
  9246 | D:10     | Noticed Harold
  9262 | D:10     | Killed Harold
  9262 | D:10     | Reached skill level 15 in Axes
  9610 | D:11     | Noticed a hill giant
  9624 | D:11     | Killed a hill giant
  9922 | D:11     | Found a roughly hewn altar of Beogh.
  9922 | D:11     | Found a staircase to the Orcish Mines.
  9930 | D:11     | Found a runed door.
  9977 | D:11     | Found a labyrinth entrance.
  9986 | Lab      | Entered a labyrinth
 10245 | Lab      | Noticed a minotaur
 10252 | Lab      | Killed a minotaur
 10504 | D:11     | Noticed an orc knight
 10520 | D:11     | Killed an orc knight
 10572 | D:11     | Found a runed door.
 10730 | D:11     | Noticed a four-headed hydra
 10739 | D:11     | Killed a one-headed hydra
 11076 | D:11     | Noticed a hill giant
 11090 | D:11     | Killed a hill giant
 11159 | D:11     | Reached XP level 12. HP: 102/112 MP: 11/11
 11607 | D:12     | Noticed an eight-headed hydra
 11613 | D:12     | Killed a five-headed hydra
 11800 | D:12     | Noticed an ice dragon
 11815 | D:12     | Killed an ice dragon
 11962 | D:12     | Received a gift from Trog
 12764 | D:13     | Noticed a death knight
 12772 | D:13     | Killed a death knight
 13089 | Lair:1   | Entered Level 1 of the Lair of Beasts
 13544 | Lair:1   | Reached XP level 13. HP: 78/122 MP: 12/12
 14550 | Lair:2   | Identified a scroll of acquirement
 14559 | Lair:2   | Identified a +0 pair of boots of running (You acquired it on level 2 of the Lair of Beasts)
 14671 | Lair:2   | Found a staircase to the Shoals.
 14868 | Lair:2   | Received a gift from Trog
 15140 | Lair:2   | Found a hole to the Spider Nest.
 17529 | Lair:5   | Found a frozen archway.
 17553 | IceCv    | Entered an ice cave
 17620 | IceCv    | Reached ****** piety under Trog
 18012 | IceCv    | Noticed a reaper
 18023 | IceCv    | Reached XP level 14. HP: 132/133 MP: 13/13
 18027 | IceCv    | Killed a reaper
 18038 | IceCv    | Received a gift from Trog
 19122 | Lair:6   | Entered Level 6 of the Lair of Beasts
 19299 | Lair:6   | Found a viscous altar of Jiyva.
 19299 | Lair:6   | Found a staircase to the Slime Pits.
 19717 | Lair:6   | Paralysed by a hornet for 2 turns
 19723 | Lair:6   | Reached skill level 15 in Fighting
 19956 | Lair:6   | Received a gift from Trog
 20249 | Lair:6   | Reached skill level 1 in Shields
 20265 | Lair:6   | Reached skill level 15 in Armour
 20337 | Lair:6   | Paralysed by a hornet for 1 turns
 20629 | Lair:6   | Found a runed door.
 21539 | Orc:1    | Entered Level 1 of the Orcish Mines
 21557 | Orc:1    | Noticed Snorg
 21567 | Orc:1    | Killed Snorg
 21652 | Orc:1    | Reached XP level 15. HP: 127/141 MP: 14/14
 21705 | Orc:1    | Found Gatotato's Weapon Boutique.
 21906 | Orc:2    | Entered Level 2 of the Orcish Mines
 21916 | Orc:2    | Found Atyrishri's General Store.
 22035 | Orc:2    | Paralysed by an orc sorcerer for 3 turns
 22060 | Orc:2    | Found Aroeg's Book Emporium.
 22159 | Orc:2    | Received a gift from Trog
 22176 | Orc:2    | Noticed an orc warlord
 22685 | Orc:1    | Killed an orc warlord
 23086 | Orc:2    | Found Zugro's Antique Weapon Shop.
 23095 | Orc:2    | Found a burning altar of Makhleb.
 23185 | Orc:2    | Found Nulagh's Antique Armour Emporium.
 23220 | Orc:2    | Found a staircase to the Elven Halls.
 23252 | Orc:2    | Reached skill level 5 in Shields
 23662 | Orc:2    | Bought a crude battleaxe for 345 gold pieces
 23662 | Orc:2    | Identified the +7 battleaxe "Quttan Ejoq" {protect, *Drain Str+7 Dex+2} (You bought it in a shop on level 2 of the Orcish Mines)
 23976 | Orc:2    | Gained mutation: You are agile. (Dex +2) [potion of mutation]
 23976 | Orc:2    | Gained mutation: You have a pair of large horns on your head. [potion of mutation]
 23976 | Orc:2    | Gained mutation: You tend to lose your temper in combat. [potion of mutation]
 23977 | Orc:2    | Lost mutation: You have a pair of large horns on your head. [potion of cure mutation]
 23977 | Orc:2    | Lost mutation: You are agile. (Dex +2) [potion of cure mutation]
 23977 | Orc:2    | Lost mutation: You tend to lose your temper in combat. [potion of cure mutation]
 24012 | Elf:1    | Entered Level 1 of the Elven Halls
 24035 | Orc:2    | Bought a runed cloak for 367 gold pieces
 24273 | Spider:1 | Entered Level 1 of the Spider Nest
 24306 | Spider:1 | Noticed Frances
 24307 | Spider:1 | Received a gift from Trog
 24324 | Spider:1 | Killed Frances
 24584 | Spider:1 | Got an ichor-stained war axe {god gift}
 24585 | Spider:1 | Identified the +6 war axe of the Fray {drain, +Fly Dex+4 Stlth+} (Trog gifted it to you on level 1 of the Spider Nest)
 25514 | Spider:2 | Received a gift from Trog
 25963 | Spider:2 | Reached XP level 16. HP: 137/152 MP: 15/15
 26456 | Spider:3 | Received a gift from Trog
 27959 | Spider:4 | Entered Level 4 of the Spider Nest
 27968 | Spider:4 | Received a gift from Trog
 28049 | Spider:4 | Gained mutation: You are agile. (Dex +2) [potion of beneficial mutation]
 28936 | Spider:4 | Received a gift from Trog
 29353 | Spider:4 | Reached XP level 17. HP: 161/162 MP: 16/16
 29498 | Spider:4 | Got a gossamer rune of Zot
 29725 | Spider:4 | Reached skill level 10 in Shields
 29908 | Shoals:1 | Entered Level 1 of the Shoals
 29995 | Shoals:1 | Received a gift from Trog
 30426 | Shoals:2 | Noticed Louise
 30444 | Shoals:2 | Killed Louise
 30503 | Shoals:2 | Noticed Jorgrun
 30514 | Shoals:2 | Killed Jorgrun
 31536 | Shoals:3 | Received a gift from Trog
 31799 | Shoals:3 | Noticed Polyphemus
 31808 | Shoals:3 | Reached skill level 1 in Evocations
 31828 | Shoals:3 | Killed Polyphemus
 31863 | Shoals:3 | Noticed Ilsuiw
 31877 | Shoals:3 | Killed Ilsuiw
 32263 | Shoals:3 | Noticed Aizul
 32275 | Shoals:3 | Killed Aizul
 32391 | Shoals:4 | Entered Level 4 of the Shoals
 33423 | Shoals:4 | Reached XP level 18. HP: 97/173 MP: 19/19
 34036 | Shoals:4 | Got a warped silver ring
 34042 | Shoals:4 | Identified the ring "Ikhlisoo" {*Corrode rF+ Str+4 Stlth+} (You found it on level 4 of the Shoals)
 34162 | Shoals:4 | Received a gift from Trog
 35029 | Shoals:4 | Got a barnacled rune of Zot
 36202 | D:14     | Found a burning altar of Makhleb.
 36398 | D:14     | Received a gift from Trog
 36547 | D:14     | Found a gate to the Vaults.
 36670 | D:14     | Got a brightly glowing broad axe {god gift}
 36671 | D:14     | Identified the +6 broad axe "Cuom" {venom, rPois MR+ Int-3 Stlth+} (Trog gifted it to you on level 14 of the Dungeon)
 36960 | D:15     | Entered Level 15 of the Dungeon
 36977 | D:15     | Noticed Agnes
 36987 | D:15     | Killed Agnes
 36990 | D:15     | Reached skill level 5 in Evocations
 37294 | D:15     | Found a staircase to the Depths.
 37975 | Vaults:1 | Entered Level 1 of the Vaults
 37990 | Vaults:1 | Received a gift from Trog
 38130 | Vaults:1 | Paralysed by an ogre mage for 6 turns
 38264 | Vaults:1 | Reached XP level 19. HP: 166/183 MP: 22/22
 38687 | Vaults:1 | Noticed Nikola
 38694 | Vaults:1 | Killed Nikola
 38716 | Vaults:1 | Received a gift from Trog
 39157 | Vaults:1 | Noticed Saint Roka
 39181 | Vaults:1 | Killed Saint Roka
 39900 | Vaults:1 | Received a gift from Trog
 40609 | Vaults:2 | Received a gift from Trog
 40714 | Vaults:2 | Gained mutation: You have large cloven feet. [potion of beneficial mutation]
 41788 | Vaults:2 | Reached XP level 20. HP: 166/193 MP: 25/25
 42401 | Vaults:2 | Received a gift from Trog
 43006 | Vaults:3 | Found a staircase to the Crypt.
 43634 | Vaults:3 | Received a gift from Trog
 43810 | Vaults:3 | Noticed Asterion
 43821 | Vaults:3 | Killed Asterion
 44477 | Vaults:4 | Noticed Margery
 44488 | Vaults:4 | Reached skill level 27 in Axes
 44494 | Vaults:4 | Killed Margery
 45387 | Vaults:4 | Noticed Xtahua
 45398 | Vaults:4 | Killed Xtahua
 45404 | Vaults:4 | Reached XP level 21. HP: 203/203 MP: 27/27
 45456 | Vaults:4 | Identified the Reference Book on Curses
 45459 | Vaults:4 | Received a gift from Trog
 45474 | Vaults:4 | Got a glittering amber ring
 45475 | Vaults:4 | Identified the ring of Tinidis {EV+2 Int+6} (You found it on level 4 of the Vaults)
 45541 | Vaults:4 | Reached skill level 10 in Evocations
 46227 | Vaults:5 | Entered Level 5 of the Vaults
 46704 | Vaults:4 | Received a gift from Trog
 48298 | Elf:1    | Received a gift from Trog
 48599 | Elf:2    | Found a flickering gateway to a bazaar.
 48601 | Elf:2    | Received a gift from Trog
 48621 | Elf:2    | Reached XP level 22. HP: 176/215 MP: 29/29
 48633 | Bazaar   | Entered a bazaar
 48633 | Bazaar   | Found Zatteg's Antique Armour Emporium.
 48633 | Bazaar   | Found Peud's Food Shoppe.
 48633 | Bazaar   | Found Yluoze's Armour Shoppe.
 48633 | Bazaar   | Found Qickiaru's Gadget Emporium.
 48633 | Bazaar   | Found Uxos's General Store.
 48650 | Bazaar   | Bought a potion of might for 52 gold pieces
 48650 | Bazaar   | Bought a scroll of teleportation for 39 gold pieces
 48650 | Bazaar   | Bought a potion of resistance for 130 gold pieces
 48650 | Bazaar   | Bought a beef jerky for 19 gold pieces
 48670 | Elf:2    | Found a ruined gateway.
 48687 | Elf:2    | Received a gift from Trog
 48887 | Desolati | Entered the Desolation of Salt
 48978 | Desolati | Received a gift from Trog
 49018 | Desolati | Got a shimmering turquoise ring
 49020 | Desolati | Identified the ring "Weni Vasch" {rElec rF+ Dex+4} (You found it in the Desolation of Salt)
 49087 | Desolati | Got a faintly glowing platinum amulet
 49119 | Desolati | Identified the amulet "Urieckin" {*Corrode rN+ Regen+ Str+4 Int+2} (You found it in the Desolation of Salt)
 49353 | Desolati | Received a gift from Trog
 49378 | Desolati | Got a translucent ivory ring
 49380 | Desolati | Got a vibrating granite ring
 49383 | Desolati | Identified the ring of Surprise {MP+9 Str+2} (You found it in the Desolation of Salt)
 49386 | Desolati | Identified the ring of Alouji {rN+ MP+9 Stlth+} (You found it in the Desolation of Salt)
 49619 | Elf:2    | Found a runed gate.
 49619 | Elf:2    | Found a runed gate.
 49620 | Elf:2    | Found a runed gate.
 50324 | Elf:3    | Entered Level 3 of the Elven Halls
 50364 | Elf:3    | Found Ebluwk's Book Emporium.
 50447 | Elf:3    | Found Udynwodi's Weapon Boutique.
 50447 | Elf:3    | Found Yrete's Jewellery Shop.
 50448 | Elf:3    | Found Teisil's Antique Weapon Shop.
 50452 | Elf:3    | Found Xomo's Distillery.
 50458 | Elf:3    | Bought a potion of heal wounds for 75 gold pieces
 50458 | Elf:3    | Bought a potion of curing for 45 gold pieces
 50458 | Elf:3    | Bought a potion of resistance for 150 gold pieces
 50458 | Elf:3    | Bought a potion of heal wounds for 75 gold pieces
 50458 | Elf:3    | Bought a potion of resistance for 150 gold pieces
 50458 | Elf:3    | Bought a potion of cure mutation for 375 gold pieces
 50509 | Elf:3    | Received a gift from Trog
 50565 | Elf:3    | Cast into level 2 of the Abyss (a deep elf sorcerer)
 50565 | Abyss:2  | Found a corrupted altar of Lugonu.
 50577 | Elf:3    | Escaped the Abyss
 51572 | Elf:3    | Cast into level 2 of the Abyss (a deep elf demonologist)
 51637 | Abyss:2  | Received a gift from Trog
 51693 | Abyss:2  | Reached XP level 23. HP: 183/227 MP: 32/32
 51781 | Abyss:2  | Gained mutation: You expend magic power (3 MP) to strengthen your wands. [a neqoxec]
 51891 | Abyss:2  | Found a corrupted altar of Lugonu.
 51980 | Elf:3    | Escaped the Abyss
 52175 | Elf:3    | Got a shimmering battleaxe {speed}
 52176 | Elf:3    | Identified the +11 battleaxe "Ichau" {speed, rC+ rN+ Dex+5} (You took it off a deep elf high priest on level 3 of the Elven Halls)
 52216 | Elf:3    | Identified the Collected Works on Orientation and Shape Shifting
 52219 | Elf:3    | Identified Sif Muna's Reference Book on the Arsonist and Augmentations
 52640 | Vaults:5 | Cast into level 2 of the Abyss (a deep elf sorcerer)
 52650 | Abyss:2  | Found a corrupted altar of Lugonu.
 52694 | Vaults:5 | Escaped the Abyss
 52729 | Vaults:5 | Received a gift from Trog
 53075 | Vaults:5 | Found Vifa's Distillery.
 53081 | Vaults:5 | Found Meubank's Magic Scroll Emporium.
 53082 | Vaults:5 | Bought a potion of curing for 42 gold pieces
 53082 | Vaults:5 | Bought a potion of heal wounds for 70 gold pieces
 53082 | Vaults:5 | Bought a potion of heal wounds for 70 gold pieces
 53082 | Vaults:5 | Bought 2 potions of haste for 280 gold pieces
 53082 | Vaults:5 | Bought a potion of heal wounds for 70 gold pieces
 53082 | Vaults:5 | Bought a potion of agility for 56 gold pieces
 53089 | Vaults:5 | Bought a scroll of enchant armour for 142 gold pieces
 53089 | Vaults:5 | Bought a scroll of magic mapping for 66 gold pieces
 53100 | Vaults:5 | Found Qesaar's Magic Scroll Boutique.
 53118 | Vaults:5 | Bought a scroll of teleportation for 45 gold pieces
 53118 | Vaults:5 | Bought a scroll of magic mapping for 52 gold pieces
 53118 | Vaults:5 | Bought a scroll of identify for 30 gold pieces
 53118 | Vaults:5 | Bought a scroll of teleportation for 45 gold pieces
 53118 | Vaults:5 | Bought a scroll of identify for 30 gold pieces
 53118 | Vaults:5 | Bought a scroll of enchant weapon for 112 gold pieces
 53118 | Vaults:5 | Bought a scroll of silence for 112 gold pieces
 53118 | Vaults:5 | Bought a scroll of enchant armour for 112 gold pieces
 53118 | Vaults:5 | Bought a scroll of remove curse for 45 gold pieces
 53416 | Vaults:5 | Received a gift from Trog
 53430 | Vaults:5 | Got a silver rune of Zot
 54196 | Slime:1  | Entered Level 1 of the Pits of Slime
 54294 | Slime:5  | Entered Level 5 of the Pits of Slime
 54327 | Slime:5  | Noticed the Royal Jelly
 54477 | Slime:5  | Paralysed by a great orb of eyes for 3 turns
 54711 | Slime:5  | Reached skill level 15 in Evocations
 54758 | Slime:5  | Paralysed by a floating eye for 4 turns
 54767 | Slime:4  | Received a gift from Trog
 55182 | Slime:5  | Reached XP level 24. HP: 173/239 MP: 29/33
 55511 | Slime:5  | Found a viscous altar of Jiyva.
 55569 | Slime:5  | Killed the Royal Jelly
 55688 | Slime:5  | Got a pair of scorched gloves
 55689 | Slime:5  | Identified the +5 pair of gloves "Hiuf" {rN+ Str+3 Stlth+} (You acquired it on level 5 of the Pits of Slime)
 55722 | Slime:5  | Got a slimy rune of Zot
 55737 | Slime:5  | Got a wavering diamond amulet
 55738 | Slime:5  | Identified the amulet "Ogylucs" {Reflect *Contam +Fly rElec rPois SH+4} (You found it on level 5 of the Pits of Slime)
 55744 | Slime:5  | Got a ring of the Octopus King
 55748 | Slime:5  | Identified a ring of the Octopus King {AC+1 EV+1 Str+1 Int+1 Dex+1 Stlth+} (You found it on level 5 of the Pits of Slime)
 55764 | Slime:5  | Got a sparkling wooden ring
 55774 | Slime:5  | Identified the ring "Foteaxzo" {Fire rN+ MR- Dex+4} (You found it on level 5 of the Pits of Slime)
 56260 | Depths:1 | Entered Level 1 of the Depths
 56500 | Depths:1 | Received a gift from Trog
 56960 | Depths:1 | Found Pyxuch's General Store.
 56964 | Depths:1 | Bought a scroll of enchant armour for 120 gold pieces
 56964 | Depths:1 | Bought a scroll of teleportation for 48 gold pieces
 56981 | Depths:1 | Found a gateway to Hell.
 57030 | Depths:1 | Noticed a juggernaut
 57044 | Depths:1 | Killed a juggernaut
 57549 | Depths:1 | Found a portal to a secret trove of treasure.
 57645 | Depths:1 | Found Ahisi's Gadget Shop.
 57645 | Depths:1 | Found Zudyratu's Jewellery Shoppe.
 57646 | Depths:1 | Found Piorenex's Gadget Shop.
 57651 | Depths:1 | Bought a box of beasts for 200 gold pieces
 57651 | Depths:1 | Bought a box of beasts for 200 gold pieces
 57651 | Depths:1 | Bought a sack of spiders for 200 gold pieces
 57655 | Depths:1 | Bought a wand of hasting (5/9) for 1134 gold pieces
 57866 | Depths:2 | Paralysed by a great orb of eyes for 6 turns
 58026 | Depths:2 | Found a magical portal.
 58054 | WizLab   | Entered The Chambers of the Cloud Mage
 58163 | WizLab   | Received a gift from Trog
 58504 | WizLab   | Identified the Disquisition on Flight
 58519 | WizLab   | Identified the Tome of Flight
 58763 | Depths:2 | Found an ancient bone altar of Kikubaaqudgha.
 59098 | Depths:2 | Found a one-way gate to the infinite horrors of the Abyss.
 59401 | Depths:2 | Reached XP level 25. HP: 216/249 MP: 34/34
 59529 | Depths:2 | Received a gift from Trog
 60389 | Depths:3 | Noticed Sojobo
 60601 | Depths:2 | Killed Sojobo
 60752 | Depths:3 | Received a gift from Trog
 60896 | Depths:3 | Found Xyunilea's Food Shop.
 61459 | Depths:3 | Found a one-way gate leading to the halls of Pandemonium.
 62342 | Depths:4 | Found a gateway to a ziggurat.
 62376 | Depths:4 | Noticed an ancient lich
 62381 | Depths:4 | Killed an ancient lich
 62387 | Depths:4 | Received a gift from Trog
 62769 | Depths:4 | Reached XP level 26. HP: 216/262 MP: 34/34
 62774 | Depths:4 | Received a gift from Trog
 62901 | Depths:4 | Paralysed by a sphinx for 7 turns
 63393 | Depths:4 | Noticed Mennas
 63424 | Depths:4 | Killed Mennas
 63830 | Depths:5 | Entered Level 5 of the Depths
 63896 | Depths:5 | Reached skill level 27 in Fighting
 64209 | Depths:5 | Reached skill level 27 in Armour
 64223 | Depths:5 | Paralysed by a sphinx for 7 turns
 64767 | Depths:5 | Paralysed by a floating eye for 2 turns
 64972 | Depths:5 | Received a gift from Trog
 64979 | Depths:5 | Found a gate to the Realm of Zot.
 65537 | D:5      | Fell from the grace of Trog
 65537 | D:5      | Became a worshipper of the Shining One
 65950 | Crypt:1  | Entered Level 1 of the Crypt
 65967 | Crypt:1  | Reached skill level 1 in Invocations
 65987 | Crypt:1  | Reached * piety under the Shining One
 66041 | Crypt:1  | Reached ** piety under the Shining One
 66154 | Crypt:1  | Reached skill level 5 in Invocations
 66187 | Crypt:1  | Reached *** piety under the Shining One
 66400 | Crypt:1  | Reached **** piety under the Shining One
 66713 | Crypt:2  | Reached ***** piety under the Shining One
 66873 | Crypt:2  | Reached XP level 27. HP: 271/271 MP: 35/35
 67270 | Crypt:3  | Entered Level 3 of the Crypt
 67281 | Crypt:3  | Reached ****** piety under the Shining One
 67415 | Crypt:3  | Reached skill level 10 in Invocations
 67429 | Crypt:3  | Got a pair of warped gloves
 67430 | Crypt:3  | Identified the +2 pair of gloves "Veczacol" {MR+ Stlth+} (You acquired it on level 3 of the Crypt)
 67533 | Crypt:3  | Noticed an ancient lich
 67539 | Crypt:3  | Killed an ancient lich
 67545 | Crypt:3  | Identified the Compendium of Helpful Unholy Rites
 68266 | Crypt:3  | Found a staircase to the Tomb.
 68360 | Crypt:3  | Identified the Handbook of Boosting Companions
 68397 | Crypt:3  | Paralysed by Trog for 6 turns
 68567 | Crypt:3  | Identified a +9 executioner's axe of holy wrath (a +9 executioner's axe of flaming blessed by the Shining One)
 68567 | Crypt:3  | Received a gift from the Shining One
 69351 | Hell     | Entered the Vestibule of Hell
 69351 | Hell     | Noticed Geryon
 69366 | Hell     | Killed Geryon
 69510 | Hell     | Reached skill level 15 in Invocations
 69644 | Hell     | Found a gateway to the decaying netherworld of Tartarus.
 69652 | Tar:1    | Entered Level 1 of Tartarus
 71003 | Tar:7    | Entered Level 7 of Tartarus
 71578 | Tar:7    | Cast into level 4 of the Abyss (a lich)
 71607 | Abyss:4  | Paralysed by Trog for 6 turns
 71659 | Abyss:4  | Paralysed by you for 4 turns
 71716 | Abyss:4  | Got an abyssal rune of Zot
 72020 | Abyss:4  | Paralysed by accursed screaming for 2 turns
 72147 | Abyss:4  | Paralysed by accursed screaming for 1 turns
 72165 | Abyss:5  | Entered Level 5 of the Abyss
 72174 | Abyss:5  | Found a corrupted altar of Lugonu.
 72250 | Abyss:5  | Noticed an ancient lich
 72257 | Abyss:5  | Killed an ancient lich
 72330 | Tar:7    | Escaped the Abyss
 72436 | Tar:7    | Lost intelligence.
 72634 | Tar:7    | Noticed Ereshkigal
 72776 | Tar:7    | Killed Ereshkigal
 72923 | Tar:7    | Got a bone rune of Zot
 73079 | Hell     | Found a gateway to the Iron City of Dis.
 73086 | Dis:1    | Entered Level 1 of the Iron City of Dis
 73661 | Dis:1    | Was forgiven by Trog
 74973 | Dis:7    | Entered Level 7 of the Iron City of Dis
 75354 | Dis:7    | Killed from afar by an iron giant

Skill      XL: |  1  2  3  4  5  6  7  8  9 10 11 12 13 14 15 16 17 18 19 20 21 22 23 24 25 26 27 |
---------------+----------------------------------------------------------------------------------+-----
Axes           | 4 5 6 7 10 11 12 14 16 17 19 20 22 23 24 25 26 27 | 27.0
Fighting       | 4 5 7 8 9 10 12 13 14 15 16 17 18 19 20 22 23 24 25 26 27 | 27.0
Armour         | 3 5 6 8 9 11 12 14 15 16 17 18 19 20 21 23 24 25 26 27 | 27.0
Shields        | 3 7 9 10 | 10.0
Evocations     | 2 6 8 9 11 13 15 16 17 19 20 | 20.2
Invocations    | 8 26 | 26.1
Dodging        | |  2.1

Action                   |  1- 3 |  4- 6 |  7- 9 | 10-12 | 13-15 | 16-18 | 19-21 | 22-24 | 25-27 || total
-------------------------+-------+-------+-------+-------+-------+-------+-------+-------+-------++-------
Melee: Hand axe          |    77 |   146 |    63 |       |       |       |       |       |       ||   286
       Headbutt          |    12 |    26 |    53 |   116 |   211 |   301 |   307 |   426 |   846 ||  2298
       War axe           |       |       |   172 |   534 |   126 |       |       |       |       ||   832
       Battleaxe         |       |       |       |       |   395 |       |       |       |       ||   395
       Broad axe         |       |       |       |       |   469 |  1262 |  1059 |   775 |       ||  3565
       Executioner's axe |       |       |       |       |       |       |       |   592 |  2768 ||  3360
Throw: Throwing net      |       |       |       |       |     6 |       |       |       |       ||     6
Invok: Burn Spellbooks   |     1 |       |       |     2 |     3 |     6 |     3 |     7 |     3 ||    25
       Berserk           |       |     4 |     5 |    17 |    14 |     4 |    14 |     6 |     3 ||    67
       Trog's Hand       |       |       |       |     5 |     2 |     3 |     8 |    17 |     8 ||    43
       Brothers in Arms  |       |       |       |     3 |     2 |     2 |     5 |     4 |     1 ||    17
       Cleansing Flame   |       |       |       |       |       |       |       |       |    16 ||    16
       Divine Shield     |       |       |       |       |       |       |       |       |     2 ||     2
       Summon Divine War |       |       |       |       |       |       |       |       |     1 ||     1
       Brand Weapon With |       |       |       |       |       |       |       |       |     1 ||     1
Evoke: Box of beasts     |       |       |       |     1 |       |       |       |       |       ||     1
       Wand              |       |       |       |     1 |       |       |       |     3 |       ||     4
  Use: Scroll            |       |    10 |     6 |    12 |    15 |    15 |     7 |    21 |    27 ||   113
       Potion            |       |       |       |     1 |     4 |     4 |     2 |     2 |    12 ||    25
 Stab: Invisible         |       |       |       |     4 |       |       |       |       |       ||     4
       Held in net/web   |       |       |       |       |     3 |       |       |       |       ||     3
       Petrified         |       |       |       |       |       |     4 |       |       |       ||     4
       Petrifying        |       |       |       |       |       |     3 |       |       |       ||     3
       Distracted        |       |       |       |       |       |     1 |       |     2 |     3 ||     6
  Eat: Chunk             |       |     7 |    12 |    23 |    26 |    19 |    30 |     9 |     4 ||   130
       Fruit             |       |     2 |       |       |     4 |     6 |       |       |     2 ||    14
       Meat ration       |       |     1 |       |     2 |     3 |     1 |     4 |     5 |     7 ||    23
       Royal jelly       |       |       |       |     2 |       |     1 |       |     1 |     1 ||     5
       Bread ration      |       |       |       |     1 |     1 |     1 |       |     2 |     3 ||     8
       Pizza             |       |       |       |     1 |       |     3 |       |       |     4 ||     8
       Beef jerky        |       |       |       |       |     2 |     3 |       |     2 |     2 ||     9
Armor: Animal skin       |     6 |       |       |       |       |       |       |       |       ||     6
       Ring mail         |    23 |    38 |       |       |       |       |       |       |       ||    61
       Plate armour      |       |     1 |   125 |   237 |   175 |       |       |       |       ||   538
       Crystal plate arm |       |       |       |       |   431 |   833 |   536 |   820 |   486 ||  3106
       Gold dragon scale |       |       |       |       |       |       |       |       |  1362 ||  1362
Dodge: Dodged            |    42 |    69 |    91 |   170 |   247 |   336 |   258 |   416 |   802 ||  2431
Block: Buckler           |       |       |       |       |   126 |   458 |   357 |   259 |       ||  1200
       Reflection        |       |       |       |       |     3 |    59 |    71 |    52 |    10 ||   195
       Other             |       |       |       |       |       |       |       |    58 |   374 ||   432
